 Dungeon Crawl Stone Soup version 0.27.1-3-gb3d3a73c9e (webtiles) character file.

Game seed: 5191271881483063662

1701 MacCMillion the Cleaver (level 8, -4/99 (102) HPs)
             Began as a Minotaur Berserker on Oct 14, 2021.
             Was a Priest of Trog.
             Slain by a necrophage (5 damage)
             ... on level 7 of the Dungeon.
             The game lasted 00:26:19 (7918 turns).

MacCMillion the Cleaver (Minotaur Berserker)        Turns: 7918, Time: 00:26:20

HP:   -4/99 (102)   AC:  9    Str: 24    XL:     8   Next: 73%
MP:   7/7           EV:  9    Int: 10    God:    Trog [***...]
Gold: 155           SH:  0    Dex: 10    Spells: 7/7 levels left

rFire    . . .     SeeInvis .   c - +0 battleaxe
rCold    + + .     Faith    .   (shield currently unavailable)
rNeg     . . .     Spirit   .   d - +0 chain mail
rPois    .         Reflect  .   (helmet restricted)
rElec    .         Harm     .   (no cloak)
rCorr    .         Rampage  .   (no gloves)
Will     .....                  (no boots)
Stlth    ..........             (no amulet)
HPRegen  0.26/turn              w - ring "Lyl Odui" {rC++ Int+6}
MPRegen  0.10/turn              (no ring)

@: mighty, berserking, lightly drained, very quick
A: horns 2, retaliatory headbutt
a: Renounce Religion, Berserk, Trog's Hand


You were on level 7 of the Dungeon.
You worshipped Trog.
Trog was most pleased with you.
You visited 2 branches of the dungeon, and saw 8 of its levels.

You collected 155 gold pieces.

Inventory:

Hand Weapons
 a - a +0 hand axe
 c - a +0 battleaxe (weapon)
 h - a +2 hand axe of pain
Missiles
 l - 9 boomerangs (quivered)
Armour
 d - a +0 chain mail (worn)
Jewellery
 w - the ring "Lyl Odui" (left hand) {rC++ Int+6}
   (You found it on level 5 of the Dungeon)

   [ring of intelligence]

   Int:       It affects your intelligence (+6).
   rC:        It greatly protects you from cold.
Wands
 m - a wand of mindburst (14)
Scrolls
 f - 2 scrolls of vulnerability {unknown}
 g - a scroll of torment {unknown}
 i - a scroll of holy word {unknown}
 k - a scroll of fog {unknown}
 r - 2 scrolls of teleportation {unknown}
 t - a scroll of fear {unknown}
 u - 2 scrolls of blinking {unknown}
 v - a scroll of immolation {unknown}
Potions
 b - a potion of mutation
 e - 4 potions of degeneration
 n - a potion of attraction
 o - 2 potions of curing
 p - a potion of magic {unknown}
 q - a potion of haste {unknown}
 s - 2 potions of resistance


   Skills:
 - Level 5.0 Fighting
 * Level 10.0 Axes
 - Level 5.0 Armour
 - Level 5.0 Dodging
 + Level 4.3 Evocations


You had 7 spell levels left.
You didn't know any spells.
Your spell library was empty.

Dungeon Overview and Level Annotations

Branches:
Dungeon (7/15)             Temple (1/1) D:6

Altars:
Ashenzari
Cheibriados
Dithmenos
Elyvilon
Fedhas
Gozag
Hepliaklqana
Nemelex Xobeh
Okawaru
Qazlal
Sif Muna
Trog
Uskayaw
Vehumet
Wu Jian
Xom
Yredelemnul
Zin

Annotations:
D:6 3 runed translucent doors, Linguinho's ghost, novice GrFi; chispire's ghost, novice MiBe


Innate Abilities, Weirdness & Mutations

You have a pair of horns on your head.
You reflexively headbutt those who attack you in melee.


Message History

The bullfrog hits you but does no damage.
The wight closely misses you.
The bullfrog hits you but does no damage.
You slice the wight!!
You destroy the wight!
Trog accepts your kill.
You barely miss the bullfrog. The bullfrog completely misses you.
The bullfrog hits you but does no damage.
You closely miss the wight. You closely miss the bullfrog.
The bullfrog hits you. The wight barely misses you. The bullfrog hits you.
The wight hits you with a +3 dagger!
* * * LOW HITPOINT WARNING * * *
You feel drained.
* * * LOW HITPOINT WARNING * * *
Okay, then.
You closely miss the wight. You slash the bullfrog!
You kill the bullfrog!
Trog accepts your kill. The wight hits you with a +3 dagger!
* * * LOW HITPOINT WARNING * * *
You feel drained.
* * * LOW HITPOINT WARNING * * *
Your Axes skill increases to level 10!
Unknown command.
A red film seems to cover your vision as you go berserk!
You feel yourself moving faster!
You feel mighty! The necrophage closely misses you.
The wight hits you with a +3 dagger!
* * * LOW HITPOINT WARNING * * *
Unknown command.
You are too berserk!
You hit the wight.
The wight is lightly damaged.
You hit the necrophage.
The necrophage hits you but does no damage.
The wight hits you with a +3 dagger.
* * * LOW HITPOINT WARNING * * *
You closely miss the wight. You headbutt the wight!
The wight is severely damaged.
You slash the necrophage! The necrophage hits you.
You die...

####### # .......##
......... #......
#.#...# #.# #.#...# #.#
##...... ######.####
......... #..z@nK...#
#####.##. #.####.##.#
#.... #.####.##.# ####.
#.#.##.##.# ##.##.
##......##.######...#.
+......................
###.....###.######...#.
#.........# ##.##.
#####.##### ####.


You could see a necrophage, a wight and a kobold.

Vanquished Creatures
  2 water moccasins
  An ice beast (D:6)
  A black bear (D:6)
  2 necrophages
  2 ogres
  An orc warrior (D:6)
  A kobold brigand (D:7)
  A phantom (D:4)
  A bullfrog (D:7)
  A scorpion (D:6)
  3 wights
  2 centaur zombies
  A bullfrog zombie (D:3)
  2 hounds
  An orc priest (D:4)
  A jelly (D:6)
  3 iguanas
  An orc wizard (D:6)
  7 adders
  A shadow imp (D:5)
  A white imp (D:6)
  2 ufetubi (D:5)
  An adder skeleton (D:5)
  A worm (D:4)
  14 orcs
  10 ball pythons
  4 bats
  11 endoplasms
  2 giant cockroaches (D:3)
  7 goblins
  7 hobgoblins
  3 jackals (D:3)
  10 kobolds
  A quokka (D:4)
  2 frilled lizards
  5 rats
  A spectral orc (D:3)
117 creatures vanquished.

Vanquished Creatures (others)
  6 withered plants (D:6)
6 creatures vanquished.

Grand Total: 123 creatures vanquished

Notes
Turn   | Place    | Note
-------+----------+-------------------------------------------
     0 | D:1      | MacCMillion the Minotaur Berserker began the quest for the
                  | Orb.
     0 | D:1      | Reached XP level 1. HP: 19/19 MP: 0/0
   462 | D:1      | Reached XP level 2. HP: 22/27 MP: 1/1
   566 | D:1      | Reached skill level 4 in Axes
  1019 | D:2      | Reached ** piety under Trog
  1075 | D:2      | Found a glowing silver altar of Zin.
  1098 | D:2      | Found a faded altar of an unknown god.
  1154 | D:2      | Reached XP level 3. HP: 33/33 MP: 2/2
  2058 | D:3      | Reached XP level 4. HP: 40/40 MP: 3/3
  2111 | D:3      | Reached skill level 5 in Axes
  2303 | D:3      | Reached XP level 5. HP: 46/47 MP: 4/4
  2663 | D:3      | Found a basalt altar of Yredelemnul.
  2844 | D:3      | Found a sparkling altar of Nemelex Xobeh.
  3223 | D:4      | Noticed a phantom
  3232 | D:4      | Reached *** piety under Trog
  3233 | D:4      | Killed a phantom
  3597 | D:4      | Found a hazy altar of Hepliaklqana.
  3685 | D:4      | Reached XP level 6. HP: 55/55 MP: 5/5
  3696 | D:4      | Found a blossoming altar of Fedhas.
  3863 | D:4      | Reached skill level 1 in Evocations
  3999 | D:5      | Entered Level 5 of the Dungeon
  4088 | D:5      | Reached skill level 6 in Axes
  4391 | D:5      | Identified the ring "Lyl Odui" {rC++ Int+6}
  4573 | D:5      | Reached skill level 5 in Fighting
  4673 | D:5      | Noticed a water moccasin
  4681 | D:5      | Killed a water moccasin
  4682 | D:5      | Reached XP level 7. HP: 61/61 MP: 6/6
  4903 | D:5      | Found an ornate altar of the Wu Jian Council.
  4935 | D:5      | Found a shadowy altar of Dithmenos.
  5550 | D:5      | Reached skill level 7 in Axes
  5551 | D:5      | Reached skill level 5 in Armour
  6433 | D:6      | Reached XP level 8. HP: 21/68 MP: 7/7
  6778 | D:6      | Reached skill level 8 in Axes
  6782 | D:6      | Reached skill level 5 in Dodging
  6892 | D:6      | Found a runed translucent gate.
  6893 | D:6      | Found a runed translucent gate.
  6898 | D:6      | Found a runed translucent gate.
  6898 | D:6      | Noticed Linguinho's ghost (novice GrFi)
  6898 | D:6      | Noticed chispire's ghost (novice MiBe)
  7291 | D:6      | Reached skill level 9 in Axes
  7444 | D:6      | Found a staircase to the Ecumenical Temple.
  7453 | Temple   | Entered the Ecumenical Temple
  7916 | D:7      | Reached skill level 10 in Axes
  7916 | D:7      | HP: 3/99 [wight (8)]
  7917 | D:7      | HP: 1/99 [wight (2)]
  7918 | D:7      | Slain by a necrophage

Illustrated notes

Levels and vault maps discovered:
D:1:      dpeg_arrival_pond, layout_basic, grunt_decor_clamped,
          chequers_serial_rivers_small_a
D:2:      layout_rooms, hellmonk_ecumenical_altar_pennies_from_heaven,
          basic_altar
D:3:      layout_basic, yredelemnul_forgotten_temple_becter, marbit_many_paths,
          kennysheep_nondescript
D:4:      layout_cave_pods, fedhas_altar_fruit_tree, mainiacjoe_overflow_catwalk
D:5:      layout_layer_cave, nzn_wu_jian_contemplation, lemuel_round_altar
D:6:      minmay_evil_eye, layout_gridville, temple_statues,
          gammafunk_ghost_cemetery
D:7:      layout_loops_corners, minmay_unpleasant_kobolds
Temple:   nicolae_temple_x_marks_the_god

Skill      XL: |  1  2  3  4  5  6  7  8 |
---------------+-------------------------+-----
Axes           | 4 5 6 7 10 | 10.0
Fighting       | 4 5 |  5.0
Armour         | 3 4 5 |  5.0
Dodging        | 3 4 5 |  5.0
Evocations     | 1 2 4 |  4.3

Action                   |  1- 3 |  4- 6 |  7- 9 || total
-------------------------+-------+-------+-------++-------
Melee: Hand axe          |    92 |   120 |    61 ||   273
       Headbutt          |    14 |    17 |    26 ||    57
       Falchion          |       |       |     4 ||     4
       Battleaxe         |       |       |    51 ||    51
Throw: Boomerang         |       |     2 |       ||     2
Invok: Berserk           |     1 |     2 |     4 ||     7
  Use: Scroll            |       |       |     6 ||     6
       Potion            |       |       |     1 ||     1
Armor: Chain mail        |    39 |    67 |    56 ||   162
       Animal skin       |     1 |       |       ||     1
Dodge: Dodged            |    43 |    43 |    76 ||   162
       Rpst.: Falchion   |       |       |     1 ||     1
